 Dungeon Crawl Stone Soup version 0.27.1-34-g3ba077fa99 (webtiles) character file.

Game seed: 9188524963773780709

804 unlimited1921 the Magician (level 8, -19/50 HPs)
             Began as a Djinni Fire Elementalist on Jan 20, 2022.
             Was an Initiate of Cheibriados.
             Demolished by an ice beast (21 damage)
             ... on level 6 of the Dungeon.
             The game lasted 00:40:17 (10765 turns).

unlimited1921 the Magician (DjFE)                  Turns: 10765, Time: 00:40:20

Health: -19/50     AC:  0    Str:  8    XL:     8   Next: 14%
Gold:   237        EV: 12    Int: 21    God:    Cheibriados [......] SH:  0 Dex: 14

rFire    + + .     SeeInvis .   (no weapon)
rCold    x . .     Faith    .   (no shield)
rNeg     . . .     Spirit   .   (no armour)
rPois    ∞         Reflect  .   (no helmet)
rElec    .         Harm     .   (no cloak)
rCorr    .         Rampage  .   (no gloves)
Will     .....                  (boots unavailable)
Stlth    ++........             (no amulet)
HPRegen  0.16/turn              (no ring)
MPRegen  0.00/turn              (no ring)

@: flying, very slow
A: sickness immunity, fire resistance 2, cold vulnerability 1, float, innate
caster, hp casting, extra vitality 1
a: Renounce Religion, Bend Time


You were on level 6 of the Dungeon.
You worshipped Cheibriados.
Cheibriados was noncommittal.
You visited 2 branches of the dungeon, and saw 7 of its levels.

You collected 237 gold pieces.

Inventory:

Hand Weapons
 e - a +1 vorpal mace
 g - a +0 short sword
 h - a +0 hand axe
 j - a +1 vorpal falchion
 k - a +0 long sword
 m - a +0 hunting sling
 u - a +0 short sword
 K - a +1 short sword of venom
 L - a +0 morningstar
Missiles
 f - 47 bolts
 n - 121 stones
 y - 16 sling bullets
 A - 4 curare-tipped darts
 G - 5 poisoned darts
Armour
 q - a +0 leather armour
 r - a +0 cloak
 M - a +2 hat
Jewellery
 p - a ring of protection from fire
 z - an amulet of reflection
 I - a +4 ring of protection
Wands
 x - a wand of flame (25) (quivered)
 B - a wand of iceblast (8)
Scrolls
 d - 2 scrolls of teleportation
 i - 3 scrolls of identify
 s - a scroll of vulnerability
 C - a scroll of acquirement
 D - a scroll of holy word
 F - a scroll of noise
 H - a scroll of magic mapping
Potions
 a - a potion of might
 b - 3 potions of flight
 c - 5 potions of curing
 l - a potion of attraction
 o - 2 potions of degeneration
 t - a potion of berserk rage
 v - a potion of lignification
 w - 2 potions of brilliance
 J - a potion of heal wounds


   Skills:
 + Level 0.1(0.0) Fighting
 + Level 0.7(0.3) Long Blades
 + Level 2.9(1.4) Armour
 + Level 2.9(1.4) Dodging
 + Level 3.4(1.7) Stealth
 + Level 5.7(2.8) Spellcasting


You couldn't memorise any spells.
You knew the following spells:

 Your Spells              Type           Power      Damage    Failure   Level
a - Foxfire               Conj/Fire      56%        2x1d6     4%          1
b - Conjure Flame         Conj/Fire      14%        6-21      13%         3
c - Inner Flame           Hex/Fire       14%        N/A       13%         3
d - Sticky Flame          Conj/Fire      14%        2d4       38%         4
e - Fireball              Conj/Fire      7%         3d5       75%         5
f - Corona                Hex            15%        N/A       4%          1
g - Call Imp              Summ           14%        N/A       6%          2
h - Wereblood             Tmut           14%        N/A       6%          2
Your spell library was empty.

Dungeon Overview and Level Annotations

Branches:
Dungeon (6/15)             Temple (1/1) D:5

Altars:
Ashenzari
Cheibriados
Fedhas
Kikubaaqudgha
Makhleb
Nemelex Xobeh
Okawaru
Qazlal
Ru
Sif Muna
Trog
Uskayaw
Vehumet
Wu Jian
Zin
The Shining One

Shops:
D:1 !=   D:3 (


Innate Abilities, Weirdness & Mutations

You are immune to sickness and miasma.
You are immune to poison.
Your flesh is very heat resistant. (rF++)
You are vulnerable to cold. (rC-)
You float through the air rather than walking.
You learn spells naturally, not from books.
Your magical power is your life essence.
You have superior vitality. (+4 HP)


Message History

Flame seeps out of the ice beast.
The ice beast is lightly wounded.
The foxfire hits the ice beast but does no damage.
The ice beast is lightly wounded.
The ice beast is engulfed in blazing flames.
Flame seeps out of the ice beast.
The ice beast hits you. The ice beast freezes you!
You feel a terrible chill!
Casting: Foxfire (safe; 4% risk of failure)
Confirm with . or Enter, or press ? or * to list all spells.
You conjure some foxfire!
* * * LOW HITPOINT WARNING * * *
The ice beast hits you.
* * * LOW HITPOINT WARNING * * *
The ice beast freezes you!
You feel a terrible chill!
* * * LOW HITPOINT WARNING * * *
Your foxfire dissipates!
The foxfire hits the ice beast but does no damage.
The ice beast is severely wounded.
Your magical contamination has completely faded away.
Casting: Foxfire (safe; 4% risk of failure)
Confirm with . or Enter, or press ? or * to list all spells.
You miscast Foxfire.
You are very lightly contaminated with residual magic.
Nothing appears to happen.
* * * LOW HITPOINT WARNING * * *
The ice beast closely misses you. The ice beast closely misses you.
As you read the scroll of fear, it crumbles to dust.
You assume a fearsome visage.
The ice beast looks frightened!
Your magical contamination has completely faded away.
Cornered, the ice beast turns to fight!
There is a stone staircase leading up here.
Casting: Foxfire (safe; 4% risk of failure)
Confirm with . or Enter, or press ? or * to list all spells.
You conjure some foxfire!
* * * LOW HITPOINT WARNING * * *
The ice beast hits you.
* * * LOW HITPOINT WARNING * * *
The ice beast freezes you!!
You feel a terrible chill!
You die...

##############
.............#
.##.......vY.#
##.......@..#
.........v...#
###.####.#####
#. #.. # ####


You could see an ice beast (inner flame, ally target).

Vanquished Creatures
  Grinder (D:3)
  2 scorpions
  2 centaur skeletons
  An orc priest (D:4)
  A hound (D:3)
  A bullfrog skeleton (D:5)
  Jessica (D:2)
  2 iguanas
  2 orc wizards
  Robin (D:2)
  4 adders
  4 gnolls (D:3)
  An ufetubus (D:5)
  A worm (D:2)
  10 orcs
  5 bats
  7 endoplasms
  3 giant cockroaches
  11 goblins
  9 hobgoblins
  10 jackals
  6 kobolds
  4 quokkas
  8 ball pythons
  4 frilled lizards
  4 rats
105 creatures vanquished.

Vanquished Creatures (collateral kills)
  A hound (D:6)
  4 foxfires (D:3)
5 creatures vanquished.

Vanquished Creatures (others)
  A wizard (D:3)
  320 foxfires
321 creatures vanquished.

Grand Total: 431 creatures vanquished

Notes
Turn   | Place    | Note
-------+----------+-------------------------------------------
     0 | D:1      | unlimited1921 the Djinni Fire Elementalist began the quest
                  | for the Orb.
     0 | D:1      | Reached XP level 1. HP: 15/15 MP: 0/0
    85 | D:1      | Found Harrui's Jewellery Boutique.
   487 | D:1      | Reached XP level 2. HP: 18/21 MP: 0/0
   632 | D:1      | Found Pahudi's Distillery.
  2330 | D:2      | Reached skill level 3 in Spellcasting
  2530 | D:2      | Reached XP level 3. HP: 17/25 MP: 0/0
  2530 | D:2      | Learned a level 1 spell: Corona
  2640 | D:2      | Noticed Jessica
  2647 | D:2      | Killed Jessica
  2648 | D:2      | Reached XP level 4. HP: 28/31 MP: 0/0
  2719 | D:2      | Noticed Robin
  2744 | D:2      | Killed Robin
  3277 | D:2      | Reached XP level 5. HP: 33/35 MP: 0/0
  3277 | D:2      | Learned a level 2 spell: Call Imp
  4615 | D:3      | Found a hide-covered altar of Uskayaw.
  4826 | D:3      | Reached skill level 4 in Spellcasting
  5549 | D:3      | Reached XP level 6. HP: 22/40 MP: 0/0
  5719 | D:3      | Found Nyrchatta's Antique Weapon Emporium.
  6373 | D:3      | Noticed Grinder
  6380 | D:3      | Killed Grinder
  6381 | D:3      | Reached XP level 7. HP: 29/45 MP: 0/0
  6381 | D:3      | Learned a level 2 spell: Wereblood
  6601 | D:3      | Found a bloodstained altar of Trog.
  6603 | D:3      | Noticed a wizard
  6608 | D:3      | Killed a wizard
  6689 | D:3      | Found a sacrificial altar of Ru.
  7683 | D:4      | Reached skill level 5 in Spellcasting
  9071 | D:5      | Entered Level 5 of the Dungeon
  9235 | D:5      | Found a blossoming altar of Fedhas.
  9897 | D:5      | Found a staircase to the Ecumenical Temple.
  9927 | Temple   | Entered the Ecumenical Temple
  9956 | Temple   | Became a worshipper of Ashenzari the Shackled
  9956 | Temple   | Identified a scroll of acquirement
  9989 | Temple   | Fell from the grace of Ashenzari
  9989 | Temple   | Became a worshipper of Cheibriados the Contemplative
 10150 | D:5      | Reached XP level 8. HP: 21/50 MP: 0/0
 10699 | D:6      | Found a stormy altar of Qazlal.
 10765 | D:6      | HP: 2/50 [ice beast (1)]
 10765 | D:6      | Demolished by an ice beast

Illustrated notes

Levels and vault maps discovered:
D:1:      pf_arrival_petrified_forest, layout_loops_corners, serial_shops, shop,
          nicolae_shop_behind_doors
D:2:      layout_basic, uniq_robin, uniq_jessica
D:3:      layout_basic, nicolae_ru_the_path_less_chosen, trog_wizard,
          eat_drink_and_be_merry_uskayaw, serial_shops, shop, uniq_grinder
D:4:      layout_loops_corners, nicolae_sif_muna_condensation,
          grunt_decor_resistance
D:5:      layout_loops_ring, mainiacjoe_overflow_cross_hatched,
          minmay_temple_entry_large_hall
D:6:      layout_rooms, nicolae_qazlal_scattered_showers, elyvilon_altar_1,
          minmay_unpleasant_kobolds
Temple:   compressed_dpeg_circular_temple

Skill      XL: |  1  2  3  4  5  6  7 |
---------------+----------------------+-----
Spellcasting   | 3 4 5 |  5.7
Stealth        | 2 3 |  3.4
Armour         | 2 |  2.9
Fighting       | |  0.1
Long Blades    | |  0.7
Dodging        | |  2.9

Action                   |  1- 3 |  4- 6 |  7- 9 || total
-------------------------+-------+-------+-------++-------
Melee: Mace              |     1 |       |       ||     1
       Falchion          |       |     3 |     5 ||     8
 Cast: Foxfire           |    39 |    94 |    86 ||   219
       Inner Flame       |       |     7 |    23 ||    30
       Call Imp          |       |       |     1 ||     1
  Use: Scroll            |       |       |     2 ||     2
Armor: Robe              |     1 |     1 |       ||     2
       Leather armour    |       |     2 |     8 ||    10
Dodge: Dodged            |     5 |    12 |    20 ||    37
Block: Other             |       |       |     3 ||     3
       Rpst.: Falchion   |       |     2 |     3 ||     5
